Map: Lost and Found LE

Players

SpeCial

  • Race: Terran Terran
  • Spawn Location: 1:00

Has - Winner!

  • Race: Protoss Protoss
  • Spawn Location: 7:00

Event: WCS Valencia 2018

VOD

Have the link to the VOD?

Description

Time

  • Played on: July 12, 2018, 1:32 p.m.
  • Length: 14:20

All games in this series

Show
View Real Time Build Order
Export as new Build Order

SpeCial Terran 

Build Orders: Liberator Opening, MMM Bio 

Get SALT Encoding   

  12  0:00  SCV  
  13  0:12  SCV  
  14  0:17  Supply Depot  
  14  0:24  SCV  
  15  0:39  SCV  
  15  0:40  Barracks  
  16  0:43  Refinery  
  16  0:51  SCV  
  17  1:03  SCV  
  18  1:15  SCV  
  19  1:27  SCV  
  19  1:28  Marine  
  21  1:34  Supply Depot  
  21  1:39  SCV  
  21  1:48  Factory  
  21  1:50  Marine  
  22  2:06  Bunker  
  21  2:08  SCV  
  21  2:14  Marine  
  23  2:21  SCV  
  24  2:30  Refinery  
  24  2:33  SCV  
  24  2:34  Marine  
  26  2:44  Starport  
  26  2:51  Hellion  
  28  2:56  Orbital Command  
  28  3:04  Barracks Reactor  
  28  3:10  Supply Depot  
  28  3:12  Factory Tech Lab  
  28  3:18  Cyclone  
  31  3:32  SCV, Medivac  
  34  3:35  Supply Depot  
  34  3:43  Marine x2  
  34  3:44  SCV  
  37  3:54  Liberator  
  37  3:57  Cyclone  
  37  4:02  Marine x2  
  40  4:14  SCV  
  44  4:18  Supply Depot  
  44  4:20  Marine x2  
  46  4:43  SCV  
  46  4:45  Command Center  
  42  4:56  SCV  
  41  5:00  Marine  
  42  5:08  Cyclone x2  
  48  5:14  SCV  
  48  5:18  Supply Depot  
  49  5:26  Viking, SCV  
  52  5:38  SCV  
  53  5:49  Cyclone  
  56  5:50  Cyclone, SCV  
  57  6:00  Orbital Command  
  57  6:01  Marine  
  57  6:02  SCV  
  58  6:14  SCV  
  54  6:18  Bunker  
  54  6:19  Marine  
  54  6:21  Cyclone  
  54  6:22  Cyclone  
  58  6:27  SCV  
  58  6:28  SCV  
  60  6:37  Barracks Tech Lab  
  60  6:39  SCV  
  61  6:41  Command Center  
  61  6:42  SCV  
  62  6:47  Engineering Bay  
  62  6:51  SCV  
  67  6:54  Widow Mine x2  
  67  6:56  Marine  
  67  6:57  Stimpack  
  67  7:00  SCV  
  69  7:03  SCV  
  70  7:11  Barracks  
  70  7:12  SCV  
  70  7:14  Marine  
  70  7:15  Widow Mine x2, SCV  
  77  7:18  Missile Turret  
  77  7:19  Terran Infantry Weapons Level 1  
  75  7:24  SCV  
  76  7:30  SCV, Barracks  
  76  7:32  Marine  
  76  7:35  Refinery  
  76  7:36  Supply Depot, Refinery  
  78  7:39  Starport Tech Lab  
  78  7:48  Missile Turret  
  78  7:53  SCV x2, Marauder  
  80  8:06  Orbital Command, Engineering Bay  
  80  8:10  Factory Reactor  
  80  8:12  SCV x2  
  81  8:14  Marauder, Starport Reactor  
  83  8:22  Marine x2  
  83  8:24  SCV  
  86  8:28  SCV  
  86  8:29  Barracks  
  86  8:30  Barracks  
  86  8:33  Missile Turret  
  87  8:37  SCV  
  87  8:40  SCV, Marine x2  
  89  8:44  Orbital Command  
  89  8:46  Terran Infantry Armor Level 1  
  89  8:51  Marauder x2  
  89  8:52  Combat Shields  
  89  8:53  Medivac  
  89  8:54  Medivac  
  97  8:56  SCV  
  97  8:57  SCV, Marine  
  97  8:58  Marine  
  100  9:08  SCV  
  101  9:18  Barracks Tech Lab, Supply Depot  
  101  9:19  Supply Depot  
  101  9:23  Bunker  
  101  9:30  Armory  
  101  9:35  SCV x2  
  101  9:40  Widow Mine, Barracks Reactor, Marine x2, Marauder x3  
  107  9:47  SCV  
  107  9:51  Orbital Command  
  98  9:57  Marine x2  
  98  9:59  Medivac x2  
  104  10:02  Marauder x3  
  110  10:11  Concussive Shells  
  110  10:15  Marine  
  110  10:17  Widow Mine x2  
  110  10:18  Terran Infantry Weapons Level 2  
  113  10:23  Marauder x2  
  113  10:26  Supply Depot  
  113  10:28  Supply Depot, Marine x2  
  117  10:29  Supply Depot, Marauder  
  90  10:35  Medivac  
  119  10:38  Widow Mine x2  
  119  10:42  Medivac  
  124  10:44  Marine, Marauder  
  124  10:46  Marine  
  124  10:48  Marauder  
  127  10:50  Terran Infantry Armor Level 2  
  127  10:51  Marine, Marauder  
  127  10:54  Supply Depot  
  130  11:01  Marine  
  130  11:02  Marine  
  127  11:06  Marauder  
  127  11:11  Marine, Marauder  
  129  11:12  Orbital Command  
  129  11:13  Widow Mine x2  
  131  11:19  Marine, Marauder  
  131  11:21  Marine x2  
  136  11:27  SCV, Marauder  
  136  11:28  Marine  
  142  11:33  Liberator, Marauder  
  142  11:37  Marine  
  142  11:42  Widow Mine x2  
  142  11:44  Marine, Marauder  
  149  11:55  Ghost Academy  
  149  11:59  Sensor Tower  
  149  12:01  Marine x4  
  149  12:07  Marine x2, Marauder  
  152  12:14  Widow Mine x2  
  153  12:19  Medivac, Marine x2  
  152  12:24  Marine x2  
  148  12:33  Medivac  
  148  12:37  Marine  
  152  12:38  Ghost x2  
  152  12:39  Marine x2  
  152  12:42  Marine  
  154  12:49  Supply Depot, Medivac  
  154  12:51  Supply Depot  
  154  12:53  Marine  
  154  12:54  Marine  
  151  13:03  Medivac  
  151  13:05  Marine  
  151  13:06  Marauder  
  151  13:07  Widow Mine  
  151  13:08  Widow Mine  
  151  13:12  Marine x2  
  151  13:13  SCV x2, Marauder  
  151  13:18  Marine  
  151  13:19  Medivac, Marauder  
  158  13:23  Marine  
  158  13:25  Bunker  
  158  13:26  Ghost  
  159  13:29  Widow Mine  
  159  13:30  Marine x2  
  159  13:33  Marine  
  166  13:41  Ghost  
  143  13:57  Marine x2  
Show
View Real Time Build Order
Export as new Build Order

Has Protoss - Winner!

Build Orders:  

Get SALT Encoding   

  12  0:00  Probe  
  13  0:12  Probe  
  14  0:17  Pylon  
  14  0:22  Probe  
  15  0:31  Probe  
  16  0:38  Forge  
  16  0:41  Probe  
  17  0:53  Probe  
  17  0:56  Pylon  
  18  1:15  Photon Cannon  
  18  1:16  Photon Cannon  
  18  1:21  Pylon  
  18  1:27  Pylon  
  18  1:29  Pylon  
  18  1:32  Probe  
  19  1:40  Probe  
  19  1:49  Probe  
  19  1:51  Pylon  
  20  1:55  Gateway  
  20  2:01  Probe  
  21  2:10  Probe  
  21  2:11  Assimilator  
  21  2:12  Assimilator  
  22  2:18  Probe  
  22  2:20  Gateway  
  23  2:28  Probe  
  23  2:34  Pylon  
  25  2:44  Cybernetics Core  
  23  2:54  Nexus  
  23  3:05  Probe  
  23  3:10  Pylon  
  24  3:13  Warp Gate  
  24  3:20  Stalker x2  
  29  3:30  Shield Battery  
  29  3:38  Stargate  
  28  3:45  Probe  
  27  3:58  Stalker  
  27  3:59  Stalker  
  31  4:03  Probe x2  
  33  4:11  Probe  
  33  4:13  Phoenix  
  33  4:15  Probe  
  35  4:23  Probe  
  37  4:28  Probe  
  39  4:35  Probe  
  40  4:40  Probe  
  41  4:47  Probe  
  41  4:51  Phoenix  
  41  4:52  Probe  
  43  4:55  Pylon  
  44  5:00  Probe  
  44  5:04  Probe  
  44  5:06  Pylon  
  45  5:07  Phoenix  
  46  5:17  Probe  
  49  5:22  Gateway x2  
  49  5:30  Stalker x2  
  49  5:34  Phoenix  
  54  5:36  Probe  
  54  5:39  Probe  
  56  5:49  Probe  
  53  5:57  Assimilator  
  53  5:59  Probe  
  53  6:03  Probe  
  55  6:11  Stalker x2, Probe  
  57  6:16  Phoenix  
  57  6:17  Probe  
  61  6:20  Forge  
  61  6:22  Assimilator  
  61  6:23  Probe  
  62  6:29  Probe  
  63  6:34  Pylon  
  63  6:35  Probe  
  63  6:39  Shield Battery  
  64  6:40  Pylon  
  64  6:41  Probe  
  64  6:42  Protoss Ground Weapons Level 1, Phoenix  
  67  6:55  Nexus  
  67  6:57  Pylon  
  67  7:00  Probe x2  
  66  7:12  Probe x2  
  68  7:19  Forge  
  68  7:20  Twilight Council  
  68  7:23  Sentry  
  68  7:24  Sentry, Probe x2  
  74  7:36  Probe x2  
  74  7:37  Shield Battery  
  76  7:42  Gateway, Blink  
  76  7:43  Gateway  
  76  7:44  Probe  
  76  7:48  Probe  
  76  7:49  Protoss Ground Armor Level 1  
  78  7:52  Probe  
  79  8:00  Probe  
  79  8:02  Sentry, Stalker x2, Probe  
  88  8:12  Probe  
  88  8:13  Probe  
  88  8:14  Pylon  
  88  8:16  Probe  
  90  8:25  Probe x2  
  92  8:27  Protoss Ground Weapons Level 2  
  92  8:28  Pylon  
  92  8:29  Photon Cannon  
  90  8:44  Stalker x5  
  100  8:52  Gateway  
  100  9:05  Stalker  
  101  9:11  Pylon x2  
  101  9:12  Pylon  
  101  9:18  Stalker  
  101  9:19  Stalker x4  
  111  9:35  Nexus  
  111  9:37  Pylon  
  111  9:38  Pylon  
  109  9:41  Protoss Ground Armor Level 2  
  103  9:52  Stalker  
  103  9:53  Stalker x5  
  103  9:59  Gateway  
  115  10:01  Gateway  
  115  10:02  Gateway  
  115  10:03  Gateway  
  115  10:17  Sentry x2, Stalker  
  115  10:19  Zealot x2  
  115  10:20  Zealot  
  127  10:27  Probe x3  
  130  10:29  Pylon  
  130  10:33  Assimilator  
  130  10:39  Probe x2, Assimilator  
  130  10:40  Pylon  
  130  10:48  Stalker x4  
  130  10:49  Stalker  
  138  10:51  Stalker  
  134  11:09  Zealot x4, Charge  
  136  11:13  Zealot  
  136  11:14  Zealot x5  
  136  11:18  Gateway, Probe x2  
  142  11:20  Probe  
  143  11:38  Protoss Ground Armor Level 3  
  143  11:39  Protoss Ground Weapons Level 3  
  141  11:44  Zealot x6  
  141  11:45  Zealot x4  
  153  11:53  Templar Archives  
  153  11:55  Probe x2  
  153  11:56  Probe x2  
  157  12:07  Probe  
  157  12:08  Probe  
  155  12:19  Psionic Storm  
  155  12:20  Zealot x2  
  155  12:21  Zealot x7  
  151  12:31  Zealot  
  151  12:41  High Templar x4  
  151  12:43  Zealot x6  
  163  12:59  Zealot  
  163  13:00  Zealot  
  167  13:07  Zealot x5  
  156  13:14  Stalker x4  
  156  13:16  Probe x2  
  156  13:17  Probe  
  163  13:25  Stalker x2  
  167  13:28  Stalker x2  
  167  13:29  Stalker x3  
  167  13:33  Probe  
  158  13:50  Zealot x6  
  158  13:53  Zealot x2  
  158  13:54  Zealot x2  
Tags
 
Add a new tag
Caveats
  • Supply blocks, unpowered buildings, or Contaminate may cause inaccurate times.
  • Supply counts are checked every 10 seconds.